AoeStats
← Lord_Wilfredo

Arabian Desert

509536728Analyzed
1v1 RM · 4d ago on Sep 27, 2026· 13m 7s· 2 players
Game mode
Random Map
Map size
Tiny (2 player)
Population
200
Speed
Normal
Resources
Standard
Victory
Conquest
Starting age
Dark Age
Ending age
Imperial Age
RankedLock teamsTeams togetherTeam positionsShared explorationLock speedFull tech treeHidden civsTurbo modeCheats
Victory
Defeat
🇦🇷 Huns · Argentina
1329
+13
🇵🇪 Japanese · Peru
1254
-13
Pikachu
6:02 Loom
9:22 Feudal Age
9:48 Double-Bit Axe
9:28 Man-at-Arms
Lord_Wilfredo
6:23 Loom
9:30 Feudal Age
10:04 Double-Bit Axe
10:02 Horse Collar
Connection lost

Rejoining the realm…

Still unreachable

The connection could not be restored.

Session expired

The server has moved on; the page needs a fresh start.